 Dungeon Crawl Stone Soup version 0.20.1-1-g8b1a95d (webtiles) character file.

105 Knicklaso the Chiller (level 4, -3/33 HPs)
             Began as a Ghoul Ice Elementalist on July 18, 2017.
             Slain by BakaWarrior999's ghost (8 damage)
             ... on level 4 of the Dungeon.
             The game lasted 00:16:01 (2484 turns).

Knicklaso the Chiller (Ghoul Ice Elementalist)      Turns: 2484, Time: 00:16:01

Health: -3/33      AC:  2    Str: 11    XL:     4   Next: 83%
Magic:  3/6        EV: 12    Int: 11    God:
Gold:   173        SH:  0    Dex:  9    Spells: 6/7 levels left

rFire    . . .     SeeInvis .     - Unarmed
rCold    + . .     Gourm    .   (no shield)
rNeg     + + +     Faith    .   a - +0 robe
rPois    ∞         Spirit   .   (no helmet)
rElec    .         Reflect  .   (no cloak)
rCorr    .         Harm     .   (no gloves)
MR       .....                  (no boots)
Stlth    ++........             (no amulet)
Regen    0.0/turn               (no ring)
MPRegen  0.1/turn               (no ring)

@: rotting
A: rotting body, claws 1, carnivore 3, cold resistance 1, negative energy
resistance 3, inhibited regeneration, torment resistance, unbreathing
a: no special abilities


You were on level 4 of the Dungeon.
You were not hungry.

You visited 1 branch of the dungeon, and saw 4 of its levels.

You collected 173 gold pieces.

Inventory:

Armour
 a - a +0 robe (worn)
 g - a +0 pair of boots
 r - a +0 helmet
Jewellery
 u - an uncursed ring of protection from fire {unknown}
 y - an uncursed ring of flight {unknown}
Wands
 x - a wand of paralysis (13/24)
Scrolls
 f - a scroll of magic mapping {unknown}
 i - a scroll of random uselessness {unknown}
 j - a scroll of fog {unknown}
 k - a scroll of remove curse {unknown}
 m - 4 scrolls of identify {unknown}
 o - 6 scrolls of teleportation {unknown}
 q - a scroll of immolation {unknown}
 s - a scroll of enchant weapon {unknown}
 A - a scroll of amnesia {unknown}
Potions
 d - 3 potions of heal wounds
 e - a potion of mutation {unknown}
 h - 2 potions of curing {unknown}
 l - a potion of lignification {unknown}
 n - a potion of haste {unknown}
 t - a potion of flight {unknown}
 v - 2 potions of brilliance {unknown}
 w - a potion of agility {unknown}
Books
 b - a book of Frost

   Spells                             Type                      Level
   a - Freeze                         Ice                          1
   b - Throw Frost                    Conjuration/Ice              2
   c - Ozocubu's Armour               Charms/Ice                   3
   d - Throw Icicle                   Conjuration/Ice              4
   e - Summon Ice Beast               Ice/Summoning                4
Comestibles
 c - 5 meat rations
 p - a royal jelly
 z - 5 chunks of flesh


   Skills:
 + Level 2.6 Dodging
 - Level 2.1 Stealth
 + Level 2.1 Unarmed Combat
 + Level 2.4 Spellcasting
   Level 0.7 Conjurations
 + Level 4.1 Ice Magic


You had 6 spell levels left.
You knew the following spells:

 Your Spells              Type           Power        Failure   Level  Hunger
a - Freeze                Ice            ##..         4%          1    ##.....


Dungeon Overview and Level Annotations

Branches:
Dungeon (4/15)
 Temple: D:4-7

Altars:
Hepliaklqana
Sif Muna
Zin

Shops:
D:4 %:

Annotations:
D:4 BakaWarrior999's ghost, amateur MiBe


Innate Abilities, Weirdness & Mutations

Your body is rotting away.
You thrive on raw meat.
You are immune to poison.
You have sharp fingernails.
You are carnivorous and can eat meat at any time.
Your flesh is cold resistant. (rC+)
You are immune to negative energy. (rN+++)
You do not regenerate when monsters are visible.
You are immune to unholy pain and torment.
You can survive without breathing.


Message History

BakaWarrior999's ghost hits you!
Casting: Freeze
Confirm with . or Enter, or press ? or * to list all spells.
Aiming: Freeze
Press: ? - help, Shift-Dir - straight line, f/p - BakaWarrior999's ghost
Aim: BakaWarrior999's ghost You freeze BakaWarrior999's ghost.
BakaWarrior999's ghost is frozen!
BakaWarrior999's ghost is lightly damaged.
BakaWarrior999's ghost hits you!
Casting: Freeze
Confirm with . or Enter, or press ? or * to list all spells.
Aiming: Freeze
Press: ? - help, Shift-Dir - straight line, f/p - BakaWarrior999's ghost
Aim: BakaWarrior999's ghost (lightly damaged)
You freeze BakaWarrior999's ghost.
BakaWarrior999's ghost is lightly damaged.
BakaWarrior999's ghost hits you!
* * * LOW HITPOINT WARNING * * *
BakaWarrior999's ghost hits you!
You die...

#.# #... ...!..... #..#
.....#.#
#..######....#.# #....
.......#.#
#.$.#W.#.....#.#
######...#..#.....#.#
...........>......#.#
#...# #...@.#.# #
####...########W#.#.#
...............#.#.#.#
.....##.#.(...∩......#
......##.##.....#.#.###
......+......####.#.#
..... ##.###......#.##
..... #.#....##..#..##
#.#.##.##..#⌠.⌠#


You could see BakaWarrior999's ghost.

Vanquished Creatures
  A worker ant (D:4)
  4 adders
  2 oozes (D:3)
  A worm (D:3)
  A dart slug (D:1)
  A ball python (D:3)
  2 bats
  3 goblins
  3 hobgoblins
  2 jackals (D:2)
  4 kobolds
  A quokka (D:3)
  5 frilled lizards
  7 rats
37 creatures vanquished.

Notes
Turn   | Place    | Note
-------+----------+-------------------------------------------
     0 | D:1      | Knicklaso the Ghoul Ice Elementalist began the quest for the Orb.
     0 | D:1      | Reached XP level 1. HP: 14/14 MP: 2/2
   590 | D:1      | Reached XP level 2. HP: 20/20 MP: 0/3
   996 | D:2      | Reached skill level 1 in Unarmed Combat
  1030 | D:2      | Reached XP level 3. HP: 24/26 MP: 1/5
  1436 | D:2      | Found a deep blue altar of Sif Muna.
  2047 | D:3      | Reached XP level 4. HP: 7/31 MP: 0/6
  2094 | D:3      | Found a glowing silver altar of Zin.
  2225 | D:3      | Found a hazy altar of Hepliaklqana.
  2273 | D:3      | Reached skill level 4 in Ice Magic
  2406 | D:4      | Found Eclem's Book Emporium.
  2414 | D:4      | Found Diusol's Food Shop.
  2464 | D:4      | Noticed BakaWarrior999's ghost (amateur MiBe)
  2484 | D:4      | Slain by BakaWarrior999's ghost

Skill      XL: |  1  2  3  4 |
---------------+-------------+-----
Dodging        | 2 |  2.6
Spellcasting   | 2 |  2.4
Unarmed Combat | 1 2 |  2.1
Ice Magic      | 4 |  4.1
Stealth        | |  2.1
Conjurations   | |  0.7

Action                   |  1- 3 |  4- 6 || total
-------------------------+-------+-------++-------
Melee: Unarmed           |    31 |       ||    31
       Punch             |     1 |       ||     1
 Cast: Freeze            |    42 |    23 ||    65
  Eat: Chunk             |    15 |     5 ||    20
Armor: Robe              |     8 |     1 ||     9
Dodge: Dodged            |    34 |     4 ||    38
